 Seeded DCSS version 0.30.1-4-g462c640d31 (webtiles) character file.

Game seed: 6351066067085065685 (custom seed)

123 Esekla the Grave Robber (level 4, -7/24 HPs)
             Began as a Deep Elf Necromancer on Sept 5, 2023.
             Was a Follower of Vehumet.
             Mangled by a black bear (12 damage)
             ... on level 2 of the Dungeon.
             The game lasted 00:14:22 (2057 turns).

Esekla the Grave Robber (Deep Elf Necromancer)      Turns: 2057, Time: 00:14:23

Health: -7/24      AC:  4    Str:  5    XL:     4   Next: 80%
Magic:  2/11       EV: 13    Int: 22    God:    Vehumet [*.....]
Gold:   232        SH:  0    Dex: 15    Spells: 2/10 levels left

rFire   . . .        l - +2 dagger (vamp)
rCold   . . .        (no shield)
rNeg    . . .        a - +0 robe
rPois   .            j - +0 helmet
rElec   .            (no cloak)
rCorr   .            c - +0 pair of gloves
SInv    .            (no boots)
Will    .....        w - amulet of magic regeneration
Stlth   ++           (no ring)
HPRegen 0.24/turn    (no ring)
MPRegen 0.52/turn

%: no passive effects
@: very slightly contaminated
A: no striking features
a: Renounce Religion


You were on level 2 of the Dungeon.
You worshipped Vehumet.
Vehumet was aware of your devotion.
You visited 1 branch of the dungeon, and saw 5 of its levels.

You collected 232 gold pieces.

Inventory:

Hand Weapons
 l - a +2 vampiric dagger (weapon)
 s - the +5 rapier of the Hero {heavy, rN+ Dex+3}
   (You found it on level 3 of the Dungeon)

   Dex:       It affects your dexterity (+3).
   rN:        It protects you from negative energy.
Armour
 a - a +0 robe (worn)
 c - a +0 pair of gloves (worn)
 j - a +0 helmet (worn)
Jewellery
 w - an amulet of magic regeneration (around neck)
Wands
 p - a wand of flame (15)
 y - a wand of roots (4)
Scrolls
 f - 2 scrolls of identify {unknown}
 m - a scroll of enchant armour {unknown}
 n - a scroll of amnesia {unknown}
 o - 2 scrolls of enchant weapon {unknown}
 r - a scroll of magic mapping {unknown}
 u - a scroll of summoning {unknown}
 v - a scroll of immolation {unknown}
 x - a scroll of blinking {unknown}
 z - a scroll of fog {unknown}
Potions
 b - a potion of magic
 d - a potion of ambrosia {unknown}
 e - 2 potions of attraction {unknown}
 g - a potion of heal wounds {unknown}
 h - a potion of haste {unknown}
 i - 3 potions of curing {unknown}
 k - a potion of mutation {unknown}
 q - 3 potions of brilliance {unknown}
 t - a potion of lignification {unknown}


   Skills:
 + Level 1.4 Short Blades
 * Level 3.5 Dodging
 + Level 3.0 Stealth
 * Level 3.8 Spellcasting
 * Level 5.9 Necromancy
 * Level 0.3 Translocations


You had 2 spell levels left.
You knew the following spells:

 Your Spells              Type           Power      Damage    Failure   Level
a - Necrotise             Necr           100%       1d9       1%          1
b - Foxfire               Conj/Fire      16%        2x1d4     12%         1
d - Vampiric Draining     Necr           30%        2d8       3%          3
t - Teleport Other        Tloc           5%         N/A       30%         3

Your spell library contained the following spells:

 Spells                   Type           Power      Damage    Failure   Level
 Lesser Beckoning         Tloc           10%        N/A       16%         2
 Animate Dead             Necr           30%        N/A       10%         4
 Agony                    Necr           30%        N/A       28%         5
 Gell's Gravitas          Tloc           5%         N/A       30%         3
 Spider Form              Tmut/Pois      4%         N/A       34%         3
 Cause Fear               Hex            2%         N/A       75%         4
 Summon Mana Viper        Hex/Summ       4%         N/A       97%         5


Dungeon Overview and Level Annotations

Branches:
Dungeon (5/15)
 Temple: D:4-7

Altars:
Dithmenos
Okawaru
Vehumet
Zin

Shops:
D:2 =   D:4 (


Message History

You miscast Vampiric Draining.
You are very lightly contaminated with residual magic.
Nothing appears to happen.
The black bear misses you. The black bear barely misses you.
The black bear claws you but does no damage.
Casting: Vampiric Draining (quite dangerous; 3% risk of failure)
Confirm with . or Enter, or press ? or * to list all spells.
The spell is quite dangerous to miscast (3% risk of failure)!
Continue anyway?
Aiming: Vampiric Draining (quite dangerous; 3% risk of failure)
Press: ? - help, Shift-Dir - straight line, f/p - black bear
Aim: a black bear (moderately wounded)
You draw life force from the black bear!
You feel life coursing into your body.
The black bear goes berserk!
You hit the black bear but do no damage.
The black bear is severely wounded.
The black bear bites you.
The black bear claws you but does no damage. x2
The black bear closely misses you. The black bear claws you.
The black bear closely misses you.
Casting: Vampiric Draining (quite dangerous; 3% risk of failure)
Confirm with . or Enter, or press ? or * to list all spells.
The spell is quite dangerous to miscast (3% risk of failure)!
Continue anyway?
Aiming: Vampiric Draining (quite dangerous; 3% risk of failure)
Press: ? - help, Shift-Dir - straight line, f/p - black bear
Aim: a black bear (severely wounded, berserk)
You draw life force from the black bear!
You feel life coursing into your body. The black bear completely misses you.
The black bear closely misses you. The black bear completely misses you.
You hit the black bear but do no damage.
The black bear is almost dead.
The black bear bites you. The black bear claws you. x2
The black bear bites you but does no damage.
The black bear claws you but does no damage.
The black bear claws you.
* * * LOW HITPOINT WARNING * * *
You hit the black bear.
The black bear is almost dead.
The black bear bites you!
Ouch! That really hurt!
You die...

####.##..#..####....#######.##>#
# #.##..#......[...##.g.g...#.#
####.##..#..#####...##.####..#.##
†.)......#..# #...##.# #......
####.......∩# #......# #...... #
#..####.## ##..#######.###..
####..####.# #...........# #.<
...........######...#######.# #..
...........#...h@#..# #)# #..
###..#######.####...#######.# #..
.....# #.# ##..........# #..
###..# #.# #.########## #.#
#....## #.# #.# #.
#<....######.#####.# #.
###^#....).........#
#.#..#####)####### #.#..# #.#


You could see a black bear (berserk).

Vanquished Creatures
  An iguana (D:5)
  A gnoll (D:2)
  3 adders
  A worm (D:4)
  2 dart slugs
  5 orcs
  4 endoplasms
  8 goblins
  4 hobgoblins
  A quokka (D:1)
  5 ball pythons
  4 bats
  4 frilled lizards
  5 kobolds
  A rat (D:1)
49 creatures vanquished.

Notes
Turn   | Place    | Note
-------+----------+-------------------------------------------
     0 | D:1      | Esekla the Deep Elf Necromancer began the quest for the
                  | Orb.
     0 | D:1      | Reached XP level 1. HP: 10/10 MP: 6/6
   218 | D:2      | Found Renulab's Jewellery Shop.
   295 | D:4      | Found a radiant altar of Vehumet.
   306 | D:4      | Found an iron altar of Okawaru.
   317 | D:4      | Found a glowing silver altar of Zin.
   400 | D:4      | Became a worshipper of Vehumet
   494 | D:3      | Reached skill level 5 in Necromancy
   684 | D:3      | Reached XP level 2. HP: 15/15 MP: 8/8
   785 | D:4      | Found Ponaysk's Antique Weapon Boutique.
   880 | D:5      | Entered Level 5 of the Dungeon
   897 | D:5      | Reached XP level 3. HP: 5/19 MP: 9/9
   901 | D:5      | Learned a level 3 spell: Vampiric Draining
   999 | D:5      | Got the Parchment of the Lumpy Olives
  1017 | D:5      | Found a shadowy altar of Dithmenos.
  1142 | D:4      | Reached skill level 1 in Short Blades
  1227 | D:3      | Reached XP level 4. HP: 23/24 MP: 7/11
  1394 | D:3      | Identified the +5 rapier of the Hero {heavy, rN+ Dex+3}
  1458 | D:2      | Reached * piety under Vehumet
  1458 | D:2      | Offered knowledge of Foxfire by Vehumet.
  1525 | D:2      | Learned a level 1 spell: Foxfire
  1586 | D:2      | Noticed a black bear
  1745 | D:1      | Learned a level 3 spell: Teleport Other
  2057 | D:2      | Mangled by a black bear

Illustrated notes

Levels and vault maps discovered:
D:1:      sevenhm_arrival_forest_fort_small_3, layout_rooms,
          chequers_serial_rivers_room_b, minmay_misc_feat_five
D:2:      layout_loops_ring, dreamdust_ecumenical_altar_angels_and_demons,
          serial_shops, shop
D:3:      layout_basic, grunt_temple_overflow_open, minmay_misc_feat_iff
D:4:      layout_basic, nicolae_overflow_quartered_altars, serial_shops,
          nicolae_diamond_shop
D:5:      layout_loops_ring, lemuel_doored_altar, minmay_misc_feat_rows,
          dreamdust_wishing_well

Skill      XL: |  1  2  3  4 |
---------------+-------------+-----
Necromancy     | 5 |  5.9
Dodging        | 3 |  3.5
Short Blades   | 1 |  1.4
Stealth        | 3 |  3.0
Spellcasting   | |  3.8
Translocations | |  0.3

Action                     |  1- 3 |  4- 6 || total
---------------------------+-------+-------++-------
  Melee: Short sword       |    45 |       ||    45
         Unarmed           |     9 |       ||     9
         Dagger            |    17 |    77 ||    94
         Punch             |       |     1 ||     1
   Cast: Vampiric Draining |     6 |     8 ||    14
    Use: Scroll            |     1 |       ||     1
   Stab: Sleeping          |     1 |     4 ||     5
 Armour: Robe              |    21 |    17 ||    38
  Dodge: Dodged            |    49 |    57 ||   106
